 Dungeon Crawl Stone Soup version 0.31-a0-202-g547052bce9 (webtiles) character file.

Game seed: 2141414419228830143

77 qw the Shooter (level 4, -8/25 HPs)
             Began as a Deep Elf Hunter on June 26, 2023.
             Killed by nerve-wracking pain
             ... invoked by Grinder
              (10 damage)
             ... on level 3 of the Dungeon.
             The game lasted 00:00:35 (1450 turns).

qw the Shooter (Deep Elf Hunter)                    Turns: 1450, Time: 00:00:36

Health: -8/25      AC:  5    Str: 10    XL:     4   Next: 13%
Magic:  6/6        EV: 11    Int: 14    God:
Gold:   137        SH:  0    Dex: 18    Spells: 3/3 levels left

rFire   . . .        Y - +0 shortbow
rCold   . . .        (shield currently unavailable)
rNeg    . . .        e - +0 ring mail
rPois   .            (no helmet)
rElec   .            (no cloak)
rCorr   .            (no gloves)
SInv    .            (no boots)
Will    .....        (no amulet)
Stlth   +            (no ring)
HPRegen 0.24/turn    (no ring)
MPRegen 0.10/turn

%: no passive effects
@: no status effects
A: no striking features
a: no special abilities


You were on level 3 of the Dungeon.
You visited 1 branch of the dungeon, and saw 3 of its levels.

You collected 137 gold pieces.


   Skills:
 - Level 1.5 Fighting
 + Level 7.5 Ranged Weapons
 - Level 2.4 Dodging
 - Level 1.2 Stealth


You had 3 spell levels left.
You didn't know any spells.
Your spell library was empty.

Inventory:

Hand Weapons
 Y - a +0 shortbow (weapon)
Armour
 e - a +0 ring mail (worn)
Potions
 c - a potion of attraction {unknown}
 d - a potion of invisibility {unknown}
 f - a potion of lignification {unknown}
 g - a potion of mutation {unknown}
 h - a potion of magic {unknown}
 i - a potion of curing {unknown}

Dungeon Overview and Level Annotations

Branches:
Dungeon (3/15)

Altars:
Nemelex Xobeh

Shops:
D:2 =

Annotations:
D:3 Grinder


Message History

(D) Dungeon
Where to? (* - list waypoints, Enter - D:3, ? - help)
What level of the Dungeon? (default 1, ? - help)
You climb downwards.
Level annotation: Grinder
There is a stone staircase leading up here.
Grinder is nearby!
You shoot an arrow.
The arrow hits Grinder but does no damage.
You shoot an arrow. The arrow hits Grinder.
Grinder is lightly wounded.
You shoot an arrow. The arrow closely misses Grinder.
You shoot an arrow. The arrow closely misses Grinder.
You shoot an arrow. The arrow hits Grinder.
Grinder is lightly wounded.
Grinder barely misses you.
You shoot an arrow. The arrow hits Grinder!
Grinder is moderately wounded.
Grinder hits you.
You writhe in agony.
You shoot an arrow. The arrow hits Grinder.
Grinder is heavily wounded.
Grinder gestures at you.
You barely resist. Grinder barely misses you.
You shoot an arrow. The arrow hits Grinder.
Grinder is heavily wounded.
Grinder barely misses you.
You shoot an arrow. The arrow hits Grinder.
Grinder is heavily wounded.
Grinder hits you but does no damage.
You shoot an arrow. The arrow closely misses Grinder.
Grinder barely misses you.
You shoot an arrow.
The arrow hits Grinder but does no damage.
Grinder is heavily wounded.
Grinder hits you!
You writhe in agony.
Grinder hits you!
You shoot an arrow. The arrow hits Grinder!
Grinder is severely wounded.
Grinder gestures at you. Pain shoots through your body!
You die...

###############
.......@5.<...#
#############.#
#.# #.# #.# #.#
#.# #5# #.#


You could see Grinder.

Vanquished Creatures
  Jessica (D:2)
  An adder (D:2)
  2 dart slugs (D:1)
  5 bats (D:1)
  4 endoplasms
  2 giant cockroaches (D:1)
  5 goblins
  4 hobgoblins
  2 jackals (D:1)
  2 quokkas
  A ball python (D:2)
  4 frilled lizards
  2 kobolds (D:2)
  2 rats
37 creatures vanquished.

Notes
Turn   | Place    | Note
-------+----------+-------------------------------------------
     0 | D:1      | qw the Deep Elf Hunter began the quest for the Orb.
     0 | D:1      | Reached XP level 1. HP: 12/12 MP: 3/3
     0 | D:1      | 0 ||| qw: Version: 0.3-a-22-g0ed2b0b
     0 | D:1      | 0 ||| qw: Game counter: 6219
     0 | D:1      | 0 ||| qw: Melee chars always use a shield: true
     0 | D:1      | 0 ||| qw: God list: Okawaru
     0 | D:1      | 0 ||| qw: Allow faded altars: false
     0 | D:1      | 0 ||| qw: Do Orc after clearing Dungeon:15 true
     0 | D:1      | 0 ||| qw: Do second Lair branch before Depths: true
     0 | D:1      | 0 ||| qw: Lair rune preference: random
     0 | D:1      | 0 ||| qw: Goals: Normal
     0 | D:1      | 0 ||| PLANNING D:1-11
    67 | D:1      | Reached skill level 6 in Ranged Weapons
    67 | D:1      | Reached XP level 2. HP: 12/16 MP: 4/4
   193 | D:1      | 193 ||| READING scroll labelled FOTHIM WUTY.
   319 | D:1      | 319 ||| UPGRADING to +0 ring mail.
   325 | D:1      | 325 ||| UPGRADING to +0 leather armour.
   330 | D:1      | 330 ||| UPGRADING to +0 ring mail.
   340 | D:1      | 340 ||| DROPPING +0 leather armour.
   371 | D:1      | 371 ||| READING scroll labelled LOMELAEZXAE.
   374 | D:1      | 374 ||| FLEEEEING.
   403 | D:1      | Reached XP level 3. HP: 15/20 MP: 5/5
   554 | D:1      | 554 ||| DROPPING scroll of butterflies.
   757 | D:2      | Found a faded altar of an unknown god.
   796 | D:2      | Reached skill level 7 in Ranged Weapons
   798 | D:2      | Noticed Jessica
   801 | D:2      | Killed Jessica
   802 | D:2      | Reached XP level 4. HP: 15/25 MP: 6/6
   845 | D:2      | Found Ceja's Jewellery Emporium.
   853 | D:2      | 853 ||| SHOPLISTING +6 ring of strength (432 gold, have
                  | 101).
   853 | D:2      | 853 ||| SHOPLISTING amulet of reflection (360 gold, have
                  | 101).
   853 | D:2      | 853 ||| SHOPLISTING ring "Ublocza Yrot" {Ice Dex+2 SInv
                  | Stlth+} (518 gold, have 101).
   853 | D:2      | 853 ||| SHOPLISTING ring of ice (300 gold, have 101).
   853 | D:2      | 853 ||| SHOPLISTING ring of poison resistance (240 gold,
                  | have 101).
   853 | D:2      | 853 ||| SHOPLISTING ring of willpower (300 gold, have 101).
   883 | D:2      | Found a sparkling altar of Nemelex Xobeh.
   971 | D:2      | Identified the +9 short sword "Paunua Xeriu" {venom, rPois
                  | rC+}
  1203 | D:2      | 1203 ||| READING scroll labelled POFOLEMMINK.
  1249 | D:2      | 1249 ||| READING scroll labelled OLLUKHL AXTURI.
  1316 | D:3      | Noticed Grinder
  1319 | D:3      | Paralysed by Grinder for 2 turns
  1324 | D:3      | Paralysed by Grinder for 4 turns
  1331 | D:3      | Paralysed by Grinder for 5 turns
  1337 | D:3      | Paralysed by Grinder for 5 turns
  1338 | D:3      | HP: 3/25 [Grinder (5)]
  1342 | D:3      | 1342 ||| FLEEEEING.
  1347 | D:3      | 1347 ||| FLEEEEING.
  1348 | D:3      | 1348 ||| FLEEEEING.
  1349 | D:3      | 1349 ||| FLEEEEING.
  1350 | D:3      | 1350 ||| FLEEEEING.
  1351 | D:3      | 1351 ||| FLEEEEING.
  1352 | D:3      | 1352 ||| FLEEEEING.
  1353 | D:3      | 1353 ||| FLEEEEING.
  1354 | D:3      | 1354 ||| FLEEEEING.
  1355 | D:3      | 1355 ||| FLEEEEING.
  1356 | D:3      | 1356 ||| FLEEEEING.
  1357 | D:3      | 1357 ||| FLEEEEING.
  1359 | D:3      | 1359 ||| STAIRDANCE
  1449 | D:3      | HP: 2/25 [Grinder (8)]
  1450 | D:3      | Killed from afar by Grinder

Levels and vault maps discovered:
D:1:      dpeg_arrival_rooms_c, layout_rooms, serial_glass, glass_columns_b,
          glass_columns_a, glass_columns_c, glass_columns_a, glass_columns_a,
          glass_columns_c, glass_columns_a, glass_columns_b, glass_columns_b,
          glass_columns_c
D:2:      layout_loops_cross, basic_altar, serial_shops,
          nicolae_shop_just_a_little_nook,
          hellmonk_ecumenical_altar_heavens_door, uniq_jessica
D:3:      layout_loops_ring, uniq_grinder

Skill      XL: |  1  2  3 |
---------------+----------+-----
Ranged Weapons | 6 7 |  7.5
Fighting       | |  1.5
Dodging        | |  2.4
Stealth        | |  1.2

Action                     |  1- 3 |  4- 6 || total
---------------------------+-------+-------++-------
   Fire: Shortbow          |    83 |    41 ||   124
    Use: Scroll            |     2 |     2 ||     4
 Armour: Leather armour    |     8 |       ||     8
         Ring mail         |     2 |     5 ||     7
  Dodge: Dodged            |    27 |     8 ||    35

Table legend:
 A = Non-vault XP
 B = Vault XP
 C = Vault XP percentage of total XP
 D = Non-vault monster count
 E = Vault monster count
 F = Vault count percentage of total count
                 A         B        C        D         E       F
            +---------+---------+-------+---------+---------+-------
      Total |      73 |      37 |  33.6 |      36 |       1 |   2.7
            +---------+---------+-------+---------+---------+-------
        D:1 |      42 |       0 |   0.0 |      23 |       0 |   0.0
        D:2 |      29 |      37 |  56.1 |      12 |       1 |   7.7
        D:3 |       2 |       0 |   0.0 |       1 |       0 |   0.0
            +---------+---------+-------+---------+---------+-------
